 Dungeon Crawl Stone Soup version 0.30-a0-586-g23e55c9e0a (webtiles) character file.

Game seed: 5682418640600894850

1412 wormed the Poker (level 8, -6/70 HPs)
             Began as a Ghoul Fighter on Jan 4, 2023.
             Mangled by an orc warrior
             ... wielding a +0 dire flail
              (8 damage)
             ... on level 6 of the Dungeon.
             The game lasted 00:08:15 (5249 turns).

wormed the Poker (Ghoul Fighter)                    Turns: 5249, Time: 00:08:15

Health: -6/70      AC: 12    Str: 22    XL:     8   Next: 70%
Magic:  7/7        EV:  7    Int:  3    God:
Gold:   209        SH:  9    Dex:  8    Spells: 7/7 levels left

rFire   . . .      SeeInvis .    a - +1 trident
rCold   + . .      Faith    .    c - +0 buckler
rNeg    + + +      Spirit   .    d - +0 chain mail
rPois   ∞          Reflect  +    u - +0 helmet
rElec   .          Harm     .    x - +0 cloak
rCorr   +          Rampage  .    (no gloves)
Will    +....                    (no boots) Stlth
                                 p - amulet of reflection
HPRegen 0.00/turn                g - ring of resist corrosion
MPRegen 0.10/turn                q - ring of willpower

@: inhibited regen
A: claws 1, cold resistance 1, negative energy resistance 3, inhibited
regeneration, torment resistance 2, devour on kill
a: no special abilities


You were on level 6 of the Dungeon.
You visited 1 branch of the dungeon, and saw 6 of its levels.

You collected 288 gold pieces.
You spent 79 gold pieces at shops.

Inventory:

Hand Weapons
 a - a +1 trident (weapon)
Missiles
 s - 2 javelins (quivered)
 t - 9 poisoned darts
Armour
 c - a +0 buckler (worn)
 d - a +0 chain mail (worn)
 u - a +0 helmet (worn)
 x - a +0 cloak (worn)
Jewellery
 b - a +6 ring of intelligence
 g - a ring of resist corrosion (left claw)
 j - an amulet of magic regeneration
 p - an amulet of reflection (around neck)
 q - a ring of willpower (right claw)
Scrolls
 f - a scroll of acquirement {unknown}
 i - a scroll of teleportation {unknown}
Potions
 e - 3 potions of brilliance
 h - 2 potions of resistance
 l - 5 potions of curing
 m - a potion of degeneration
 n - a potion of attraction {unknown}
 v - a potion of flight {unknown}
 w - a potion of mutation {unknown}


   Skills:
 + Level 6.0 Fighting
 * Level 6.2 Polearms
 + Level 5.0 Armour
 + Level 5.0 Shields


You had 7 spell levels left.
You didn't know any spells.
Your spell library contained the following spells:

 Spells                   Type           Power      Damage    Failure   Level
 Kiss of Death            Conj/Necr      0%         2d5       99%         1
 Scorch                   Fire           0%         2d5       100%        2
 Confusing Touch          Hex            0%         N/A       100%        3
 Dispel Undead            Necr           0%         3d6       100%        4
 Flame Wave               Conj/Fire      0%         2d4       100%        4
 Summon Cactus Giant      Summ           0%         N/A       100%        6


Dungeon Overview and Level Annotations

Branches:
Dungeon (6/15)
 Temple: D:4-7

Altars:
Qazlal
Xom

Shops:
D:3 *


Innate Abilities, Weirdness & Mutations

You are immune to poison.
You have sharp fingernails.
Your flesh is cold resistant. (rC+)
You are immune to negative energy. (rN+++)
You do not regenerate when monsters are visible.
You are immune to unholy pain and torment.
You thrive by killing the living.


Message History

The orc priest is moderately wounded.
The orc priest hits you but does no damage.
You block the orc warrior's attack.
You hit the orc priest but do no damage.
The orc priest is moderately wounded.
The orc warrior hits you but does no damage.
You block the orc priest's attack.
You puncture the orc priest!
The orc priest is almost dead.
The orc warrior hits you but does no damage.
The orc priest looks braver for a moment.
You hit the orc priest.
The orc priest is almost dead.
The orc warrior hits you with a +0 dire flail!
* * * LOW HITPOINT WARNING * * *
The orc priest calls upon Beogh to heal the orc warrior.
The orc warrior is healed somewhat.
You hit the orc priest but do no damage.
The orc priest is almost dead.
The orc warrior hits you with a +0 dire flail.
* * * LOW HITPOINT WARNING * * *
You block the orc priest's attack.
You hit the orc priest.
The orc priest is almost dead.
The orc priest hits you but does no damage.
You block the orc warrior's attack.
You closely miss the orc priest.
The orc priest is almost dead.
The orc warrior misses you. The orc priest barely misses you.
You closely miss the orc priest.
The orc priest is almost dead.
The orc priest calls upon Beogh to heal the orc warrior.
The orc warrior is healed somewhat.
The orc warrior barely misses you.
You closely miss the orc priest.
The orc priest is almost dead.
The orc priest mumbles some strange prayers to Beogh against you.
Beogh smites you!
* * * LOW HITPOINT WARNING * * *
The orc warrior hits you with a +0 dire flail!
You die...

#.≈.§.§.....#.#
#.≈.8)≈.....#.#
#....))..##.#.#
#######...#...##
###...#..# #
###....# ...
####..#
.....#.....#
......o@..###
....#..o)).)##+##..
. ##..###).......
#....g...##.###
##...g#### ##...
#.... ##.... ##


You could see an orc warrior and an orc priest.

Vanquished Creatures
  Grinder (D:5)
  Prince Ribbit (D:5)
  A water moccasin (D:5)
  Edmund (D:5)
  An ogre (D:5)
  A centaur (D:5)
  A phantom (D:5)
  2 necrophages
  A scorpion (D:4)
  A hound (D:5)
  An orc priest (D:6)
  Crazy Yiuf (D:3)
  A gnoll bouda (D:6)
  2 iguanas (D:4)
  2 orc wizards
  4 gnolls (D:6)
  3 adders
  3 ufetubi
  4 worms
  10 orcs
  3 bats
  4 endoplasms
  5 giant cockroaches
  9 goblins
  4 hobgoblins
  6 jackals
  3 quokkas
  4 ball pythons
  2 frilled lizards (D:3)
  8 kobolds
  7 rats
97 creatures vanquished.

Notes
Turn   | Place    | Note
-------+----------+-------------------------------------------
     0 | D:1      | wormed the Ghoul Fighter began the quest for the Orb.
     0 | D:1      | Reached XP level 1. HP: 19/19 MP: 0/0
    95 | D:1      | Reached XP level 2. HP: 26/26 MP: 1/1
   445 | D:1      | Reached XP level 3. HP: 31/31 MP: 2/2
  1357 | D:2      | Reached XP level 4. HP: 36/40 MP: 3/3
  1594 | D:3      | Found a stormy altar of Qazlal.
  1637 | D:3      | Found a runed translucent door.
  1638 | D:3      | Noticed Crazy Yiuf
  1686 | D:3      | Found Ujiumimy's Assorted Antiques.
  1691 | D:3      | Bought a scroll labelled AMIRAKHLAVA for 22 gold pieces
  1691 | D:3      | Bought a green potion for 19 gold pieces
  1691 | D:3      | Bought a white potion for 19 gold pieces
  1691 | D:3      | Bought a smoky yellow potion for 19 gold pieces
  1864 | D:3      | Noticed a necrophage
  1870 | D:3      | Killed a necrophage
  1871 | D:3      | Reached XP level 5. HP: 42/46 MP: 4/4
  2271 | D:3      | Killed Crazy Yiuf
  2388 | D:4      | Reached XP level 6. HP: 48/53 MP: 5/5
  3249 | D:5      | Entered Level 5 of the Dungeon
  3280 | D:5      | Noticed Prince Ribbit
  3309 | D:5      | Killed Prince Ribbit
  3310 | D:5      | Reached XP level 7. HP: 31/60 MP: 6/6
  3479 | D:5      | Identified the +1 robe of Mumamec {Dex+4}
  3572 | D:5      | Reached skill level 5 in Fighting
  3628 | D:5      | Reached skill level 5 in Polearms
  3796 | D:5      | Reached XP level 8. HP: 30/68 MP: 7/7
  3949 | D:5      | Noticed Grinder
  3980 | D:5      | Killed Grinder
  4229 | D:5      | Noticed Edmund
  4257 | D:5      | Killed Edmund
  4744 | D:6      | Noticed a two-headed ogre
  5087 | D:6      | Found a shimmering altar of Xom.
  5152 | D:6      | Reached skill level 5 in Armour
  5207 | D:6      | Reached skill level 5 in Shields
  5249 | D:6      | HP: 2/70 [orc priest/divine providence (14)]
  5249 | D:6      | Mangled by an orc warrior

Illustrated notes

Levels and vault maps discovered:
D:1:      erik_arrival_orb_chamber, layout_rooms, minmay_hexomino_u4
D:2:      layout_basic, minivault_26, minmay_misc_feat_cross,
          kennysheep_nondescript, minivault_4, st_stairs_2
D:3:      layout_loops_ring, nicolae_qazlal_general_emergency, serial_shops,
          shop, chequers_serial_rivers_small_b, minmay_misc_feat_pillars,
          uniq_crazy_yiuf_cottage
D:4:      layout_loops_ring, minmay_misc_feat_tower
D:5:      layout_loops_corners, uniq_prince_ribbit1, uniq_grinder, uniq_edmund
D:6:      layout_rooms, nicolae_elyvilon_peaceful_grove,
          mainiacjoe_overflow_catwalk, gammafunk_temple_overflow_statue,
          minmay_temple_entry_trees, minivault_22, dreamdust_mushroom_princess,
          nicolae_figureground_sparkle

Skill      XL: |  1  2  3  4  5  6  7  8 |
---------------+-------------------------+-----
Polearms       | 2 3 4 5 6 |  6.2
Shields        | 3 4 5 |  5.0
Armour         | 3 4 5 |  5.0
Fighting       | 4 5 6 |  6.0

Action                   |  1- 3 |  4- 6 |  7- 9 || total
-------------------------+-------+-------+-------++-------
Melee: Trident           |   147 |   140 |   168 ||   455
Throw: Javelin           |       |     6 |     3 ||     9
       Dart              |       |       |    15 ||    15
  Use: Scroll            |       |     9 |     2 ||    11
       Potion            |       |       |     4 ||     4
Armor: Scale mail        |    43 |    37 |    24 ||   104
       Chain mail        |       |       |    55 ||    55
Dodge: Dodged            |    70 |    29 |    40 ||   139
Block: Buckler           |    28 |    46 |    71 ||   145
       Reflection        |       |     1 |     4 ||     5

Table legend: (Time is in decaauts)
 A = Elapsed time spent in this place.
 B = Non-inter-level travel time spent in this place.
 C = Inter-level travel time spent in this place.
 D = Time resting spent in this place.
 E = Time spent auto-exploring this place.
 F = Levels seen in this place.
 G = Mean time per level.
                   A        B        C        D        E       F      G
               +--------+--------+--------+--------+--------+-----+--------+
         Total |   5305 |   5067 |    238 |    223 |   3844 |   6 |  884.2 |
       Dungeon |   5305 |   5067 |    238 |    223 |   3844 |   6 |  884.2 |
               +--------+--------+--------+--------+--------+-----+--------+

Top non-repeatable levels by time:
     D:5: 1716 daAuts
     D:2: 1004 daAuts
     D:4: 945 daAuts
     D:3: 805 daAuts
     D:1: 551 daAuts
     D:6: 282 daAuts
